 Dungeon Crawl Stone Soup version 0.31-a0-968-g24f9ace8b5 (webtiles) character file.

Game seed: 17518832921484132982

242189 Xavori the Spry (level 20, -7/154 (161) HPs)
             Began as a Djinni Chaos Knight on Oct 27, 2023.
             Was a Favourite Plaything of Xom.
             Mangled by a +0 long sword of protection (12 damage)
             ... on level 2 of the Elven Halls.
             The game lasted 01:05:11 (38448 turns).

Xavori the Spry (Djinni Chaos Knight)              Turns: 38448, Time: 01:05:12

HP:   -7/154 (161)  AC: 12    Str: 13    XL:     20   Next: 63%
Gold: 1236          EV: 32    Int: 14    God:    Xom [...*..] SH: 22 Dex: 36

rFire   + + +        P - +7 double sword (freeze)
rCold   + + .        J - +0 kite shield
rNeg    . . .        S - +4 skin of Zhor {*Englaciate rC+++ SInv}
rPois   ∞            o - +2 hat {SInv}
rElec   +            f - +0 cloak
rCorr   .            I - +0 pair of gloves
SInv    +            (boots unavailable)
Will    ++++.        r - amulet of reflection
Stlth   ++++         Q - +8 ring of dexterity
HPRegen 0.45/turn    H - +4 ring of slaying
MPRegen 0.00/turn

%: reflection, clarity, infuse magic (-8 HP)
@: flying, lightly drained
A: sickness immunity, fire resistance 3, cold vulnerability 1, float, innate
caster, HP casting, extra vitality 1, beak, thin skeletal structure 1, agile 2,
clarity, deformed body, strong-willed 2, passive freeze, sense surroundings 1,
robust 1, shaggy fur 1, electricity resistance, strong 1, inability to read
after injury 1, MP-powered wands, noise suppression
}: 1/15 runes: serpentine
a: Renounce Religion


You were on level 2 of the Elven Halls.
You worshipped Xom.
You were a favourite toy of Xom.
You visited 7 branches of the dungeon, and saw 31 of its levels.
You visited the Abyss 1 time.
You visited 1 bazaar.
You also visited: Ossuary.

You collected 3223 gold pieces.
You spent 1987 gold pieces at shops.

Inventory:

Hand Weapons
 q - a +2 double sword of chaos
 s - a +4 scimitar of flaming
 P - a +7 double sword of freezing (weapon)
Armour
 f - a +0 cloak (worn)
 o - a +2 hat of see invisible (worn)
 I - a +0 pair of gloves (worn)
 J - a +0 kite shield (worn)
 O - a +0 troll leather armour
 S - the +4 skin of Zhor (worn) {*Englaciate rC+++ SInv}
   (You found it on level 2 of the Lair of Beasts)

   *Englaciate: It radiates cold, occasionally slowing all nearby creatures who
   are not resistant to cold.
   rC+++:     It renders you almost immune to cold.
   SInv:      It lets you see invisible.
Jewellery
 r - an amulet of reflection (around neck)
 t - a ring of protection from cold
 D - a +5 ring of evasion
 H - a +4 ring of slaying (right hand)
 Q - a +8 ring of dexterity (left hand)
 T - the ring "Wust" {rElec Will- Int+3 SInv}
   (You took it off a spriggan rider on level 1 of the Swamp)

   [ring of see invisible]

   Int+3:     It affects your intelligence (+3).
   rElec:     It insulates you from electricity.
   Will-:     It decreases your willpower.
   SInv:      It lets you see invisible.
Talismans
 V - a granite talisman
Wands
 e - a wand of flame (11)
 i - a wand of roots (25)
 u - a wand of mindburst (50)
 F - a wand of light (29)
 L - a wand of polymorph (19)
 N - a wand of paralysis (26)
 Z - a wand of digging (2)
Scrolls
 a - 2 scrolls of fear
 b - 2 scrolls of blinking
 c - a scroll of butterflies
 g - 4 scrolls of silence
 h - 4 scrolls of poison
 n - 4 scrolls of revelation
 p - 4 scrolls of immolation
 v - 4 scrolls of enchant armour
 x - 3 scrolls of brand weapon
 y - 3 scrolls of fog
 A - 6 scrolls of teleportation
 E - a scroll of summoning
 M - a scroll of vulnerability
 U - 3 scrolls of torment
Potions
 d - 5 potions of heal wounds
 j - 4 potions of mutation
 m - 4 potions of haste
 w - 4 potions of enlightenment
 z - 4 potions of berserk rage
 B - 3 potions of might
 C - 16 potions of curing
 K - a potion of cancellation
 R - 6 potions of resistance
 W - a potion of brilliance
 X - 4 potions of lignification
Miscellaneous
 l - a phial of floods
 Y - a phantom mirror


   Skills:
 + Level 14.1 Fighting
 + Level 13.4 Long Blades
 + Level 13.9 Armour
 + Level 15.2 Dodging
 + Level 13.2 Shields
 * Level 13.7 Spellcasting
 * Level 13.7 Conjurations
 * Level 13.7 Hexes
   Level 0.0 Charms
 * Level 13.7 Summonings
 * Level 13.7 Necromancy
 * Level 13.7 Translocations
 * Level 13.7 Transmutations
 * Level 13.7 Fire Magic
 * Level 13.7 Ice Magic
 * Level 13.7 Air Magic
 * Level 13.7 Earth Magic
 * Level 13.7 Poison Magic
 - Level 6.3 Evocations


You knew the following spells:

 Your Spells              Type           Power      Damage    Failure   Level
a - Kiss of Death         Conj/Necr      100%       2d13      1%          1
b - Wereblood             Tmut           48%        N/A       1%          2
c - Call Canine Familiar  Summ           48%        N/A       1%          3
d - Iskenderun's Mystic   Conj/Tloc      48%        2d11      1%          4
e - Alistair's Intoxicat  Tmut/Pois      32%        N/A       1%          5
f - Arcjolt               Conj/Air       24%        1d34      1%          5
g - Dispersal             Tloc           24%        N/A       8%          6
h - Summon Cactus Giant   Summ           24%        N/A       8%          6
i - Simulacrum            Ice/Necr       24%        N/A       8%          6
Your spell library was empty.

Dungeon Overview and Level Annotations

Branches:
Dungeon (15/15)            Temple (0/1) D:7            Lair (5/5) D:11
  Swamp (1/4) Lair:2        Snake (4/4) Lair:2        Slime (0/5) Lair:4
    Orc (2/2) D:11            Elf (2/3) Orc:2        Vaults (2/5) D:13
 Depths (0/4) D:15        Ossuary (visited)
  Crypt: Vaults:2-3

Altars:
Ashenzari
Cheibriados
Elyvilon
Nemelex Xobeh
Okawaru
Qazlal
Trog
Uskayaw
Xom
Zin
Jiyva

Shops:
D:1 *   D:6 (   D:10 ?   D:12 =!   Orc:2 ?([*

Annotations:
D:4 4 runed translucent doors, Crazy Yiuf; Xavori's ghost, novice DjCK
D:11 2 transporters
Lair:1 1 runed translucent door, Oraob's ghost, novice FeSh


Innate Abilities, Weirdness & Mutations

You are immune to sickness and miasma.
You are immune to poison.
Your flesh is almost immune to the effects of heat. (rF+++)
You are vulnerable to cold. (rC-)
You float through the air rather than walking.
You learn spells naturally, not from books.
Your magical power is your life essence.
You have superior vitality. (+4 MHP)
You have a beak for a mouth.
You have a somewhat thin skeletal structure. (Dex +2, Stealth+)
You are very agile. (Dex +8, Str/Int -2)
You possess an exceptional clarity of mind.
Armour fits poorly on your strangely shaped body.
You are highly strong-willed. (Will++)
A frigid envelope surrounds you and freezes all who hurt you.
You passively map a small area around you.
You are robust. (+10% HP)
You are covered in fur. (AC +1)
You are resistant to electric shocks. (rElec)
Your muscles are strong. (Str +4, Int/Dex -1)
You occasionally lose the ability to read scrolls when taking damage.
You expend health (3 HP) to strengthen your wands.
You passively dampen the noise of your surroundings.


Message History

The shadow dragon is severely wounded.
You block the shadow dragon's attack. x2
The shadow dragon completely misses you.
You slash the shadow dragon! You peck the shadow dragon.
The shadow dragon is almost dead.
You radiate an aura of cold.
The shadow dragon is unaffected.
The bunyip zombie is unaffected.
You block the bunyip zombie's attack. x3
The shadow dragon breathes negative energy at you.
The bolt of negative energy hits you!!
You feel drained.
* * * LOW HITPOINT WARNING * * *
You barely miss the shadow dragon.
You peck the shadow dragon, but do no damage.
The shadow dragon is almost dead.
You block the shadow dragon's attack. The shadow dragon claws you!
* * * LOW HITPOINT WARNING * * *
The shadow dragon completely resists.
You block the shadow dragon's attack.
Unknown command.
The white imp shouts!
You slice the shadow dragon!!
You kill the shadow dragon!
The shadow dragon scales are intact enough to wear.
You barely miss the bunyip zombie.
You peck the bunyip zombie, but do no damage.
The substance of the Abyss twists violently, and a gateway leading out appears!
Unknown command.
You block the bunyip zombie's attack.
The bunyip zombie completely misses you.
The bunyip zombie barely misses you. You block the white imp's attack.
You pass through the gate.
Welcome back to the Elven Halls!
You feel a wave of frost pass over you.
There is an entrance to an ice cave on this level.
Hurry and find it before the portal melts!
You hear the steady crackling of a very distant melting archway.
The +3 heavy mace hits you!
* * * LOW HITPOINT WARNING * * *
The +3 heavy mace resists.
The +3 heavy mace is very cold.
The +3 heavy mace is lightly damaged.
The +0 long sword of protection hits you!
You die...
Xom bursts into laughter!

......,,* .. *
....... ###. .
........ #...#..
*........#.....#.
#......#.......#
, #....#...(.....
, ,
#..#.......... ,
*#........... * ,
, #(.@(...e... ,
, #..#5.(......?
, ,
#....#.......(.
......#.....?.#
...##...#.....#.
, .. *##..
#...#(. , . ##.,
###... * ##* *
###


You could see a deep elf knight (asleep), 6 dancing weapons and a white imp.

Vanquished Creatures
  Saint Roka (Snake:3)
  Vashnia (Snake:3)
  Nikola (Snake:1)
  Jorgrun (Snake:2)
  Asterion (Vaults:1)
  An Executioner (Abyss:3)
  Agnes (D:15)
  A shadow dragon (Abyss:3)
  Kirke (D:15)
  Roxanne (Snake:1)
  Aizul (Snake:1)
  A storm dragon (Lair:5)
  7 nagarajas
  A vault warden (Vaults:1)
  A balrug (Abyss:3)
  A deep elf sorcerer (Elf:1)
  5 ironbound preservers
  3 ironbound thunderhulks
  A very ugly thing (Abyss:3)
  A formless jellyfish (Vaults:2)
  2 bunyips (Swamp:1)
  A dire elephant (Lair:5)
  An eleionoma (Swamp:1)
  2 blizzard demons (Abyss:3)
  2 ettins
  Snorg (Lair:5)
  A deep elf death mage (Elf:2)
  A crystal guardian (D:13)
  4 yaktaur captains
  Erolcha (Orc:1)
  12 hydras
  4 ironbound frosthearts
  An ice dragon (Lair:5)
  A peacekeeper (Vaults:1)
  4 alligators (Swamp:1)
  A vault guard (Vaults:1)
  A salamander tyrant (Snake:4)
  10 anacondas
  Erica (Orc:1)
  3 catoblepae
  4 dancing weapons (Elf:1)
  6 two-headed ogres
  14 centaur warriors
  8 boulder beetles
  2 tengu warriors (D:13)
  3 thrashing horrors (Abyss:3)
  9 naga warriors
  3 orc high priests
  4 death yaks
  Urug (Lair:4)
  6 shock serpents
  8 deep elf knights
  5 spriggans (Swamp:1)
  An occultist (D:15)
  21 naga sharpshooters
  A wretched star (Abyss:3)
  A fire crab (Lair:5)
  A skyshark (Lair:2)
  3 skeletal warriors
  3 goliath frogs (Swamp:1)
  5 salamander mystics (Snake:4)
  15 deep trolls
  5 naga ritualists
  A swamp dragon (Swamp:1)
  4 deep elf archers (Elf:1)
  A bog body (Swamp:1)
  3 lindwurms (Lair:5)
  An arcanist (D:13)
  A necromancer (Vaults:1)
  4 ironbound convokers (Vaults:1)
  17 deep elf zephyrmancers
  An orc knight (Orc:1)
  A mana viper (shapeshifter) (D:15)
  16 deep elf pyromancers
  5 orc sorcerers
  2 wolf spiders (Lair:5)
  6 manticores
  7 mana vipers
  11 ugly things
  3 cyclopes
  A will-o-the-wisp (Swamp:1)
  7 elephants
  10 salamanders
  6 vault sentinels
  7 naga magi
  37 black mambas
  A smoke demon (Abyss:3)
  9 cane toads
  3 gargoyles
  2 unseen horrors
  5 torpor snails
  A cane toad (shapeshifter) (Elf:2)
  13 yaktaurs
  7 rime drakes
  9 komodo dragons
  3 kobold demonologists (D:10)
  A rime drake (shapeshifter) (D:8)
  3 tengu conjurers
  A tormentor (Abyss:3)
  An ancient zyme (Abyss:3)
  8 trolls
  4 polar bears
  A large abomination (Abyss:3)
  A tarantella (shapeshifter) (Elf:2)
  4 nameless horrors
  5 tyrant leeches
  A glass eye (Lair:5)
  11 hornets
  17 blink frogs
  A dream sheep (Lair:4)
  2 centaur simulacra
  13 slime creatures
  8 wyverns
  3 water elementals
  4 fire elementals
  4 wraiths
  2 small abominations (Abyss:3)
  6 starcursed masses (Abyss:3)
  2 steam dragons (D:7)
  A human (D:14)
  74 yaks
  5 hogs (D:15)
  A neqoxec (Abyss:3)
  2 vampire mosquitoes (D:12)
  3 basilisks
  7 swamp worms
  6 wargs
  A warg (shapeshifter) (D:13)
  44 nagas
  4 acid dragons
  16 water moccasins
  21 orc warriors
  2 black bears
  5 ice beasts
  A sky beast (D:6)
  4 ogres
  27 wolves
  5 boggarts (D:15)
  12 centaurs
  2 phantoms (D:5)
  13 bullfrogs
  2 kobold brigands
  3 scorpions
  A gnoll sergeant (D:5)
  2 water moccasin zombies (Ossuary)
  11 wights
  9 killer bees
  4 electric eels
  3 howler monkeys
  3 crimson imps (D:5)
  6 hounds
  3 jellies
  A gnoll bouda (Orc:1)
  26 orc priests
  5 iguanas
  3 sleepcaps
  Jessica (D:3)
  29 orc wizards
  2 mummies (Ossuary)
  11 gnolls
  8 adders
  4 white imps
  6 adder zombies (Ossuary)
  A dart slug (D:5)
  57 orcs
  7 endoplasms
  6 giant cockroaches
  3 gnoll zombies (Ossuary)
  2 goblins (D:1)
  9 hobgoblins
  5 jackals
  5 quokkas
  13 ball pythons
  5 bats
  2 frilled lizards (D:3)
  3 hobgoblin zombies (Ossuary)
  9 kobolds
  9 kobold zombies (Ossuary)
  10 orc zombies (Ossuary)
  4 rats
  A lurking horror (Abyss:3)
1073 creatures vanquished.

Vanquished Creatures (collateral kills)
  A nagaraja (Snake:4)
  A vault guard (Vaults:1)
  An anaconda (Snake:2)
  A centaur warrior (Vaults:2)
  A death yak (Lair:4)
  A naga warrior (Snake:4)
  A salamander mystic (Snake:4)
  A spriggan druid (Swamp:1)
  2 deep trolls (Vaults:1)
  A deep elf pyromancer (Elf:1)
  A deep elf zephyrmancer (Elf:1)
  A starcursed mass (Abyss:3)
  A mana viper (Snake:4)
  An ugly thing (D:15)
  A vault sentinel (Vaults:1)
  3 naga magi (Snake:4)
  A black mamba (Lair:5)
  A troll (D:13)
  A spriggan (Swamp:1)
  2 yaks (Lair:1)
  Menkaure (D:7)
  A warg (Snake:3)
  3 nagas
  2 orc warriors
  A bullfrog (Lair:1)
  2 orc priests (D:7)
  An orc (D:7)
35 creatures vanquished.

Vanquished Creatures (others)
  A vault guard (Vaults:1)
  A dancing weapon (Lair:4)
  A thrashing horror (Abyss:3)
  2 deep elf pyromancers
  A deep elf zephyrmancer (Elf:2)
  A salamander (Snake:2)
  A cane toad (Lair:5)
  3 yaktaurs (Vaults:1)
  A bloated husk (Swamp:1)
  A human (D:9)
  2 gnolls
  A white imp (D:14)
  2 jackals (D:1)
  2 kobolds (D:1)
  An orc zombie (D:8)
  2 foxfires (Swamp:1)
23 creatures vanquished.

Grand Total: 1131 creatures vanquished

Notes
Turn   | Place    | Note
-------+----------+-------------------------------------------
     0 | D:1      | Xavori the Djinni Chaos Knight began the quest for the Orb.
     0 | D:1      | Reached XP level 1. HP: 20/20 MP: 0/0
    70 | D:1      | Found Vekkef's Assorted Antiques.
   220 | D:1      | XOM: silly message
   337 | D:1      | XOM: destruction
   400 | D:1      | XOM: scenery: 1 doors close
   423 | D:1      | Reached XP level 2. HP: 25/25 MP: 0/0
   743 | D:1      | XOM: give mutation
   743 | D:1      | Gained mutation: You have a somewhat thin skeletal
                  | structure. (Dex +2, Stealth+) [Xom's grace]
   845 | D:1      | XOM: summons 1 hostile shadow creature
   856 | D:1      | XOM: cloud trail
   899 | D:1      | XOM: give mutations
   899 | D:1      | Gained mutation: Your skin changes colour to match your
                  | surroundings (Stealth+). [Xom's grace]
   899 | D:1      | Gained mutation: You have hidden genetic potential. [Xom's
                  | grace]
   899 | D:1      | Gained mutation: You have a pair of small antennae on your
                  | head. [Xom's grace]
   905 | D:1      | XOM: god gift: 18 gold pieces
   945 | D:1      | XOM: god gift: 29 gold pieces
   980 | D:1      | XOM: give mutation
   980 | D:1      | Gained mutation: Your mind is acute. (Int +4, Str/Dex -1)
                  | [Xom's grace]
  1249 | D:1      | XOM: give mutations
  1249 | D:1      | Gained mutation: You are partially covered in iridescent
                  | scales. (AC +2) [Xom's grace]
  1249 | D:1      | Gained mutation: You are agile. (Dex +4, Str/Int -1) [Xom's
                  | grace]
  1428 | D:2      | Reached XP level 3. HP: 27/30 MP: 0/0
  1428 | D:2      | Learned a level 1 spell: Kiss of Death
  1583 | D:2      | Found a broken altar of Ashenzari.
  1588 | D:2      | Gained mutation: Your spells are a little harder to cast,
                  | but a little more powerful. [hidden potential]
  1691 | D:2      | Found a faded altar of an unknown god.
  1833 | D:2      | Reached skill level 1 in Spellcasting
  1833 | D:2      | Reached skill level 1 in Conjurations
  1833 | D:2      | Reached skill level 1 in Hexes
  1833 | D:2      | Reached skill level 1 in Summonings
  1833 | D:2      | Reached skill level 1 in Necromancy
  1833 | D:2      | Reached skill level 1 in Translocations
  1833 | D:2      | Reached skill level 1 in Transmutations
  1833 | D:2      | Reached skill level 1 in Fire Magic
  1833 | D:2      | Reached skill level 1 in Ice Magic
  1833 | D:2      | Reached skill level 1 in Air Magic
  1833 | D:2      | Reached skill level 1 in Earth Magic
  1833 | D:2      | Reached skill level 1 in Poison Magic
  2196 | D:3      | Noticed Jessica
  2205 | D:3      | Killed Jessica
  2206 | D:3      | Reached XP level 4. HP: 35/35 MP: 0/0
  2212 | D:3      | Gained mutation: You are robust. (+10% HP) [hidden
                  | potential]
  2212 | D:3      | Lost mutation: You have hidden genetic potential. [hidden
                  | potential expressed]
  2354 | D:3      | XOM: give mutations
  2354 | D:3      | Gained mutation: You possess an exceptional clarity of
                  | mind. [Xom's grace]
  2354 | D:3      | Gained mutation: You passively map a small area around you.
                  | [Xom's grace]
  2354 | D:3      | Gained mutation: You are mostly covered in iridescent
                  | scales. (AC +4) [Xom's grace]
  2354 | D:3      | Gained mutation: You expend health (3 HP) to strengthen
                  | your wands. [Xom's grace]
  2362 | D:3      | Reached XP level 5. HP: 44/44 MP: 0/0
  2362 | D:3      | Learned a level 2 spell: Wereblood
  2627 | D:4      | Reached skill level 3 in Dodging
  2637 | D:4      | Found a sand-covered staircase.
  2644 | Ossuary  | Entered an ossuary
  2689 | Ossuary  | Reached XP level 6. HP: 51/51 MP: 0/0
  2701 | Ossuary  | Reached skill level 1 in Evocations
  2995 | D:4      | Reached XP level 7. HP: 49/56 MP: 0/0
  2995 | D:4      | Learned a level 3 spell: Call Canine Familiar
  3124 | D:4      | XOM: god gift: wand of light (5)
  3336 | D:4      | XOM: give mutations
  3336 | D:4      | Gained mutation: You passively dampen the noise of your
                  | surroundings. [Xom's grace]
  3336 | D:4      | Gained mutation: Your flesh is almost immune to the effects
                  | of heat. (rF+++) [Xom's grace]
  3336 | D:4      | Gained mutation: Your spells are harder to cast, but more
                  | powerful. [Xom's grace]
  3412 | D:4      | XOM: god gift: stone
  3449 | D:4      | Found a white marble altar of Elyvilon.
  3507 | D:4      | XOM: god gift: book of Air
  3606 | D:4      | Found a runed translucent door.
  3607 | D:4      | Noticed Crazy Yiuf
  3636 | D:4      | XOM: scenery: summon butterflies
  3693 | D:4      | Identified the +5 spear of Earthquakes {antimagic, Int+2}
  3694 | D:4      | Found a runed translucent gate.
  3695 | D:4      | Found a runed translucent gate.
  3696 | D:4      | Found a runed translucent gate.
  3696 | D:4      | Noticed Xavori's ghost (novice DjCK)
  3702 | D:4      | Identified the +10 chain mail "Wereat" {Rampage Drain rN+++
                  | Int+2}
  3859 | D:5      | Entered Level 5 of the Dungeon
  3864 | D:5      | XOM: scenery: create altars
  3866 | D:5      | XOM: swap monsters
  3867 | D:5      | Found a shimmering altar of Xom.
  3867 | D:5      | XOM: 2-stop teleportation journey
  3897 | D:5      | XOM: repel stairs
  3950 | D:5      | XOM: enchant monster (bad)
  3956 | D:5      | XOM: enchant monster (bad)
  3963 | D:5      | Reached XP level 8. HP: 56/63 MP: 0/0
  4031 | D:5      | XOM: give mutations
  4031 | D:5      | Lost mutation: You have a somewhat thin skeletal structure.
                  | (Dex +2, Stealth+) [Xom's mischief]
  4031 | D:5      | Lost mutation: You passively map a small area around you.
                  | [Xom's mischief]
  4040 | D:5      | Reached skill level 4 in Dodging
  4116 | D:5      | Reached skill level 5 in Long Blades
  4389 | D:5      | Reached XP level 9. HP: 69/69 MP: 0/0
  4389 | D:5      | Learned a level 4 spell: Iskenderun's Mystic Blast
  4573 | D:5      | Found a snail-covered altar of Cheibriados.
  4622 | D:5      | XOM: scenery: summon butterflies
  4816 | D:5      | Reached skill level 5 in Fighting
  4953 | D:6      | XOM: enchant monster (bad)
  4959 | D:6      | Reached skill level 5 in Dodging
  5083 | D:6      | XOM: 2-stop teleportation journey
  5231 | D:6      | Reached skill level 1 in Shields
  5234 | D:6      | Found Zuutinet's Weapon Shop.
  5234 | D:6      | XOM: 3-stop teleportation journey
  5264 | D:6      | XOM: enchant monster (good)
  5543 | D:6      | Found a glowing silver altar of Zin.
  5546 | D:6      | Found a hide-covered altar of Uskayaw.
  5566 | D:7      | Identified the "Itotis"
  5566 | D:7      | Found a staircase to the Ecumenical Temple.
  5567 | D:7      | Noticed Menkaure
  5572 | D:7      | XOM: summons 2 friendly demons
  5578 | D:7      | Killed Menkaure
  5773 | D:7      | Found a bloodstained altar of Trog.
  5814 | D:7      | XOM: cast spell 'Call Canine Familiar'
  5820 | D:7      | Reached XP level 10. HP: 63/77 MP: 0/0
  5990 | D:7      | XOM: potion effect (brilliance)
  5991 | D:7      | XOM: give mutations
  5991 | D:7      | Gained mutation: Your muscles are strong. (Str +4, Int/Dex
                  | -1) [Xom's grace]
  6116 | D:7      | XOM: cloud trail
  6288 | D:8      | XOM: stealth player
  6306 | D:8      | Found a broken altar of Ashenzari.
  6330 | D:8      | XOM: give mutations
  6372 | D:8      | Reached skill level 5 in Spellcasting
  6372 | D:8      | Reached skill level 5 in Conjurations
  6372 | D:8      | Reached skill level 5 in Hexes
  6372 | D:8      | Reached skill level 5 in Summonings
  6372 | D:8      | Reached skill level 5 in Necromancy
  6372 | D:8      | Reached skill level 5 in Translocations
  6372 | D:8      | Reached skill level 5 in Transmutations
  6372 | D:8      | Reached skill level 5 in Fire Magic
  6372 | D:8      | Reached skill level 5 in Ice Magic
  6372 | D:8      | Reached skill level 5 in Air Magic
  6372 | D:8      | Reached skill level 5 in Earth Magic
  6372 | D:8      | Reached skill level 5 in Poison Magic
  6457 | D:8      | Reached skill level 5 in Armour
  6500 | D:8      | XOM: give mutation
  6500 | D:8      | Lost mutation: You are mostly covered in iridescent scales.
                  | (AC +4) [Xom's mischief]
  6623 | D:8      | Reached skill level 6 in Dodging
  6624 | D:8      | XOM: 6-stop teleportation journey
  6662 | D:8      | XOM: swap monsters
  7338 | D:8      | XOM: polymorph acid dragon -> shapeshifter
  7338 | D:8      | a shapeshifter changed into a rime drake
  7338 | D:8      | Noticed a rime drake (shapeshifter)
  7345 | D:8      | Killed a rime drake
  7477 | D:6      | Bought a +2 double sword of freezing for 507 gold pieces
  7499 | D:6      | XOM: noise
  7506 | D:6      | XOM: torment (41/79 hp)
  7751 | D:9      | Found a sparkling altar of Nemelex Xobeh.
  7768 | D:9      | XOM: divination: detect creatures
  7769 | D:9      | XOM: silly message
  7775 | D:9      | XOM: potion effect (heal wounds)
  7790 | D:9      | Reached skill level 5 in Evocations
  7792 | D:9      | XOM: potion effect (heal wounds)
  7811 | D:9      | Reached XP level 11. HP: 71/84 MP: 0/0
  7811 | D:9      | Learned a level 5 spell: Alistair's Intoxication
  7873 | D:9      | XOM: divination: magic mapping
  7906 | D:9      | XOM: divination: detect creatures
  8229 | D:9      | XOM: scenery: summon butterflies
  8242 | D:9      | XOM: cleaving
  8317 | D:9      | XOM: confuse monster(s)
  8348 | D:9      | XOM: noise
  8354 | D:9      | XOM: give mutation
  8354 | D:9      | Lost mutation: You passively dampen the noise of your
                  | surroundings. [Xom's mischief]
  8443 | D:9      | Reached skill level 7 in Dodging
  8584 | D:10     | Entered Level 10 of the Dungeon
  8599 | D:9      | XOM: scenery: summon butterflies
  8602 | D:9      | XOM: scenery: create altars
  8627 | D:10     | Identified the +6 battleaxe "Koinkuq" {spect, Int+3}
  8655 | D:10     | Found Kups's Magic Scroll Boutique.
  8663 | D:10     | Bought a scroll of teleportation for 45 gold pieces
  8675 | D:10     | XOM: scenery: 1 doors open
  8720 | D:10     | Noticed a purple ugly thing
  8731 | D:10     | XOM: 2-stop teleportation journey
  8754 | D:10     | XOM: cleaving
  8756 | D:10     | Killed a purple ugly thing
  8935 | D:10     | XOM: confuse monster(s)
  9073 | D:10     | Reached XP level 12. HP: 93/93 MP: 0/0
  9078 | D:10     | Identified the +0 robe "Saxir" {Contam +Blink Dex+5} (Xom
                  | gifted it to you on level 10 of the Dungeon)
  9078 | D:10     | XOM: god gift: +0 robe "Saxir" {Contam +Blink Dex+5}
  9291 | D:11     | Found a gateway to a bazaar.
  9337 | Bazaar   | Entered a bazaar
  9357 | Bazaar   | Found Amuskom's Jewellery Shoppe.
  9373 | Bazaar   | Found Zunt's Distillery.
  9378 | Bazaar   | Bought a potion of heal wounds for 70 gold pieces
  9389 | Bazaar   | Found Kimp's General Store.
  9445 | D:11     | Found a staircase to the Lair.
  9449 | D:11     | XOM: give mutations
  9449 | D:11     | Gained mutation: Armour fits poorly on your strangely
                  | shaped body. [Xom's mischief]
  9449 | D:11     | Lost mutation: Your mind is acute. (Int +4, Str/Dex -1)
                  | [Xom's mischief]
  9449 | D:11     | Lost mutation: You have a pair of small antennae on your
                  | head. [Xom's mischief]
  9449 | D:11     | Lost mutation: Your flesh is almost immune to the effects
                  | of heat. (rF+++) [Xom's mischief]
  9450 | D:11     | Reached skill level 5 in Shields
  9459 | D:11     | XOM: blink monster(s)
  9785 | D:11     | XOM: 6-stop teleportation journey
 10013 | D:11     | Noticed an orc high priest
 10013 | D:11     | XOM: 8-stop teleportation journey
 10014 | D:11     | Found a transporter.
 10182 | D:11     | XOM: chaos cloud
 10245 | D:11     | Reached skill level 8 in Dodging
 10461 | D:11     | Found a transporter.
 10518 | D:11     | Found a staircase to the Orcish Mines.
 10531 | D:11     | XOM: silly message
 10766 | D:11     | XOM: summons 5 hostile demons
 10852 | D:11     | XOM: stat loss: -1 Int (11/12)
 10924 | Lair:1   | Entered Level 1 of the Lair of Beasts
 10985 | Lair:1   | Identified the +7 trident "Veatoss" {holy, rC+ Int+2}
 10986 | Lair:1   | Found a runed translucent door.
 10986 | Lair:1   | Noticed Oraob's ghost (novice FeSh)
 11006 | Lair:1   | XOM: noise
 11007 | Lair:1   | XOM: summons 1 hostile demon
 11062 | Lair:1   | XOM: give mutations
 11062 | Lair:1   | Gained mutation: You are resistant to electric shocks.
                  | (rElec) [Xom's grace]
 11062 | Lair:1   | Gained mutation: You are very agile. (Dex +8, Str/Int -2)
                  | [Xom's grace]
 11154 | Lair:1   | XOM: snakes to sticks
 11225 | Lair:1   | XOM: summons 12 friendly demons
 11311 | Lair:1   | XOM: stat loss: -1 Str (12/13)
 11492 | Lair:1   | Noticed a spriggan rider
 11673 | Lair:2   | Noticed a catoblepas
 11675 | Lair:2   | XOM: stat loss: -1 Dex (24/25)
 11999 | Lair:2   | Noticed a four-headed hydra
 12003 | Lair:2   | XOM: chaos cloud
 12024 | Lair:2   | XOM: enchant monster (bad)
 12036 | Lair:2   | XOM: summons 7 hostile demons
 12185 | Lair:2   | Reached XP level 13. HP: 101/101 MP: 0/0
 12185 | Lair:2   | Learned a level 5 spell: Arcjolt
 12297 | Lair:2   | XOM: summons 4 hostile demons
 12310 | Lair:2   | XOM: smoke on damage
 12331 | Lair:2   | Killed a four-headed hydra
 12492 | Lair:2   | XOM: 5-stop teleportation journey
 12515 | Lair:2   | Found the +4 skin of Zhor {*Englaciate rC+++ SInv}
 12591 | Lair:2   | Killed a catoblepas
 12632 | Lair:2   | Reached skill level 9 in Dodging
 12712 | Lair:2   | Found a staircase to the Snake Pit.
 12854 | Lair:2   | XOM: scenery: create altars
 12858 | Lair:2   | XOM: butterfly on damage
 12963 | Lair:2   | XOM: divination: detect creatures
 12988 | Lair:2   | XOM: god gift: ring of protection from fire
 13060 | Lair:2   | Found a staircase to the Swamp.
 13303 | Lair:3   | XOM: cloud trail
 13444 | Lair:3   | XOM: 3-stop teleportation journey
 13504 | Lair:3   | XOM: divination: detect creatures
 14158 | Lair:4   | Noticed Urug
 14166 | Lair:4   | Killed Urug
 14176 | Lair:4   | XOM: give mutations
 14176 | Lair:4   | Gained mutation: Your muscles are very strong. (Str +8,
                  | Int/Dex -2) [Xom's grace]
 14176 | Lair:4   | Gained mutation: You are very robust. (+20% HP) [Xom's
                  | grace]
 14205 | Lair:4   | Found a staircase to the Slime Pits.
 14205 | Lair:4   | Found a viscous altar of Jiyva.
 14326 | Lair:4   | XOM: divination: detect items
 14612 | Lair:4   | Noticed a seven-headed hydra
 14618 | Lair:4   | Found the +11 plutonium sword {Contam Stlth-}
 14618 | Lair:4   | Noticed a seven-headed hydra
 14623 | Lair:4   | XOM: cast spell 'Summon Cactus Giant'
 14627 | Lair:4   | Reached XP level 14. HP: 121/121 MP: 0/0
 14849 | Lair:4   | XOM: god gift: amulet of faith
 14965 | Lair:4   | XOM: divine lightning
 14966 | Lair:4   | XOM: polymorph hound -> shapeshifter
 14985 | Lair:4   | XOM: swap monsters
 15000 | Lair:4   | XOM: torment (12/121 hp)
 15320 | Lair:4   | Reached skill level 10 in Dodging
 15370 | Lair:4   | XOM: give mutations
 15370 | Lair:4   | Lost mutation: Your spells are harder to cast, but more
                  | powerful. [Xom's mischief]
 15370 | Lair:4   | Lost mutation: You are partially covered in iridescent
                  | scales. (AC +2) [Xom's mischief]
 15425 | Lair:4   | XOM: 10-stop teleportation journey
 15753 | Lair:4   | XOM: give mutations
 15753 | Lair:4   | Gained mutation: Your natural rate of healing is unusually
                  | fast. [Xom's grace]
 15753 | Lair:4   | Gained mutation: You have hidden genetic potential. [Xom's
                  | grace]
 15784 | Lair:4   | XOM: chaos cloud
 15786 | Lair:4   | XOM: chaos cloud
 15803 | Lair:4   | XOM: summons 2 hostile shadow creatures
 16005 | Lair:5   | Identified the of Leyluari
 16005 | Lair:5   | Entered Level 5 of the Lair of Beasts
 16009 | Lair:5   | XOM: divination: magic mapping
 16014 | Lair:5   | XOM: polymorph wolf -> hound
 16159 | Lair:5   | XOM: summons friendly shadow imp
 16287 | Lair:5   | Noticed Snorg
 16292 | Lair:5   | XOM: enchant monster (good)
 16301 | Lair:5   | Killed Snorg
 16363 | Lair:5   | XOM: cast spell 'Summon Hydra'
 16373 | Lair:5   | XOM: 2-stop teleportation journey
 16583 | Lair:5   | a death yak changed into a minotaur
 16583 | Lair:5   | Noticed a minotaur
 16583 | Lair:5   | XOM: polymorph death yak -> minotaur
 16584 | Lair:5   | a minotaur changed into a storm dragon
 16584 | Lair:5   | Noticed a storm dragon
 16584 | Lair:5   | XOM: polymorph minotaur -> storm dragon
 16586 | Lair:5   | Reached skill level 10 in Fighting
 16595 | Lair:5   | Killed a storm dragon
 16759 | Lair:5   | Reached XP level 15. HP: 128/128 MP: 0/0
 16759 | Lair:5   | Learned a level 6 spell: Dispersal
 16996 | Lair:5   | XOM: silly message
 17219 | Lair:5   | XOM: summons 13 friendly demons
 17268 | Lair:5   | XOM: noise
 17329 | Lair:5   | XOM: divination: magic mapping
 17372 | Lair:5   | Identified the +4 hand axe of the Hungering Gods {flame,
                  | Str+6}
 17638 | Lair:5   | Found a runed translucent door.
 17644 | Lair:5   | Reached skill level 10 in Long Blades
 17658 | Lair:5   | XOM: enchant monster (bad)
 17746 | Lair:5   | XOM: fake destruction
 17759 | Lair:5   | Reached skill level 11 in Dodging
 17762 | Lair:5   | XOM: polymorph torpor snail -> glass eye
 17832 | Lair:5   | XOM: swap monsters
 17841 | Lair:5   | Reached skill level 10 in Spellcasting
 17841 | Lair:5   | Reached skill level 10 in Conjurations
 17841 | Lair:5   | Reached skill level 10 in Hexes
 17841 | Lair:5   | Reached skill level 10 in Summonings
 17841 | Lair:5   | Reached skill level 10 in Necromancy
 17841 | Lair:5   | Reached skill level 10 in Translocations
 17841 | Lair:5   | Reached skill level 10 in Transmutations
 17841 | Lair:5   | Reached skill level 10 in Fire Magic
 17841 | Lair:5   | Reached skill level 10 in Ice Magic
 17841 | Lair:5   | Reached skill level 10 in Air Magic
 17841 | Lair:5   | Reached skill level 10 in Earth Magic
 17841 | Lair:5   | Reached skill level 10 in Poison Magic
 17947 | Lair:5   | Reached skill level 10 in Armour
 18190 | Orc:1    | Entered Level 1 of the Orcish Mines
 18255 | Orc:2    | Entered Level 2 of the Orcish Mines
 18256 | Orc:2    | XOM: chaos cloud
 18276 | Orc:2    | XOM: scenery: summon butterflies
 18560 | Orc:2    | XOM: polymorph orc high priest -> ettin
 18774 | Orc:1    | XOM: summons 2 hostile demons
 18787 | Orc:1    | XOM: 4-stop teleportation journey
 18793 | Orc:1    | Noticed Erica
 18807 | Orc:1    | Killed Erica
 18930 | Orc:1    | Noticed Erolcha
 18938 | Orc:1    | Killed Erolcha
 19088 | Orc:2    | Found a staircase to the Elven Halls.
 19111 | Orc:2    | XOM: give mutations
 19111 | Orc:2    | Lost mutation: You expend health (3 HP) to strengthen your
                  | wands. [Xom's mischief]
 19111 | Orc:2    | Gained mutation: You passively map a small area around you.
                  | [Xom's mischief]
 19111 | Orc:2    | Lost mutation: Your natural rate of healing is unusually
                  | fast. [Xom's mischief]
 19112 | Orc:2    | XOM: fake destruction
 19114 | Orc:2    | XOM: give mutations
 19114 | Orc:2    | Lost mutation: You are very robust. (+20% HP) [Xom's
                  | mischief]
 19114 | Orc:2    | Lost mutation: You are robust. (+10% HP) [Xom's mischief]
 19114 | Orc:2    | Lost mutation: You are very agile. (Dex +8, Str/Int -2)
                  | [Xom's mischief]
 19114 | Orc:2    | Gained mutation: You have a pair of small horns on your
                  | head. [Xom's mischief]
 19611 | Orc:2    | XOM: give mutations
 19611 | Orc:2    | Lost mutation: Your muscles are very strong. (Str +8,
                  | Int/Dex -2) [Xom's mischief]
 19611 | Orc:2    | Lost mutation: Your spells are a little harder to cast, but
                  | a little more powerful. [Xom's mischief]
 19611 | Orc:2    | Gained mutation: Your spells are a little easier to cast,
                  | but a little less powerful. [Xom's mischief]
 19653 | Orc:2    | Found Hopeufei's Antique Weapon Shop.
 19653 | Orc:2    | Found Ripizo's General Store.
 19654 | Orc:2    | Found Mism's Antique Armour Boutique.
 19658 | Orc:2    | Found Ymmi's Magic Scroll Shop.
 19664 | Orc:2    | Bought a scroll of fear for 68 gold pieces
 19664 | Orc:2    | Bought a scroll of fear for 68 gold pieces
 19664 | Orc:2    | Bought a scroll of identify for 34 gold pieces
 19664 | Orc:2    | Bought a scroll of blinking for 127 gold pieces
 19664 | Orc:2    | Bought a scroll of revelation for 127 gold pieces
 19948 | D:12     | Found Ammo's Distillery.
 19971 | D:12     | Bought a potion of heal wounds for 60 gold pieces
 19971 | D:12     | Bought a potion of resistance for 120 gold pieces
 19971 | D:12     | Bought a potion of resistance for 120 gold pieces
 19971 | D:12     | Bought a potion of curing for 36 gold pieces
 20034 | D:12     | XOM: noise
 20164 | D:12     | XOM: stat loss: -1 Str (13/14)
 20183 | D:12     | Found Rerph's One-of-a-Kind Rings.
 20262 | D:12     | XOM is BORED!
 20262 | D:12     | XOM: give mutations
 20262 | D:12     | Lost mutation: You have a pair of small horns on your head.
                  | [Xom's mischief]
 20262 | D:12     | Lost mutation: Your spells are a little easier to cast, but
                  | a little less powerful. [Xom's mischief]
 20262 | D:12     | Lost mutation: Your skin changes colour to match your
                  | surroundings (Stealth+). [Xom's mischief]
 20434 | D:12     | Identified the +5 arbalest of Meager Judgement {penet,
                  | Str-2 Int+7}
 20574 | D:13     | Reached XP level 16. HP: 22/115 MP: 0/0
 20841 | D:12     | XOM: noise
 20908 | D:13     | XOM: god gift: 6 curare-tipped darts
 20911 | D:13     | Found an iron altar of Okawaru.
 20919 | D:13     | XOM: give mutations
 20919 | D:13     | Lost mutation: You have hidden genetic potential. [Xom's
                  | grace]
 20919 | D:13     | Gained mutation: You are somewhat resistant to further
                  | mutation. [Xom's grace]
 20919 | D:13     | Gained mutation: You are very agile. (Dex +8, Str/Int -2)
                  | [Xom's grace]
 20919 | D:13     | Gained mutation: You have very sharp teeth. [Xom's grace]
 20929 | D:13     | Found the +10 morningstar "Eos" {elec, Halo rElec}
 21054 | D:13     | XOM: cloud trail
 21149 | D:13     | XOM: polymorph cyclops -> salamander
 21246 | D:13     | XOM: god gift: +2 double sword of chaos
 21295 | D:13     | XOM: fog
 21299 | D:13     | XOM: scenery: 1 doors open, 2 doors close
 21303 | D:13     | XOM: fake destruction
 21311 | D:13     | XOM: summons friendly iron imp
 21315 | D:13     | XOM: 3-stop teleportation journey
 21428 | D:13     | Found a gate to the Vaults.
 21635 | D:13     | XOM: god gift: wand of mindburst (9)
 21745 | D:14     | XOM: polymorph polar bear -> human
 21871 | D:14     | XOM: cleaving
 22228 | D:14     | Found a stormy altar of Qazlal.
 22237 | D:14     | XOM: fog
 22251 | D:14     | Reached skill level 12 in Dodging
 22251 | D:14     | Reached skill level 10 in Shields
 22259 | D:14     | XOM: 3-stop teleportation journey
 22611 | D:14     | XOM: destruction
 23653 | D:14     | Identified a scroll of acquirement
 23690 | D:14     | Acquired 573 gold pieces
 23737 | D:14     | XOM: give mutations
 23737 | D:14     | Lost mutation: You have very sharp teeth. [Xom's grace]
 23737 | D:14     | Gained mutation: You have a beak for a mouth. [Xom's grace]
 23737 | D:14     | Gained mutation: You are strong-willed. (Will+) [Xom's
                  | grace]
 23737 | D:14     | Gained mutation: You are robust. (+10% HP) [Xom's grace]
 23737 | D:14     | Gained mutation: You expend health (3 HP) to strengthen
                  | your wands. [Xom's grace]
 23843 | D:12     | Bought a +8 ring of dexterity for 605 gold pieces
 23993 | Swamp:1  | Entered Level 1 of the Swamp
 24306 | Swamp:1  | XOM: summons friendly quasit
 24421 | Swamp:1  | Identified the ring "Wust" {rElec Will- Int+3 SInv}
 24698 | Swamp:1  | HP: 5/128 [spriggan rider/+0 spear (18)]
 24798 | Swamp:1  | XOM: god gift: wand of roots (5)
 24839 | Swamp:1  | XOM: give mutations
 24839 | Swamp:1  | Gained mutation: You are highly strong-willed. (Will++)
                  | [Xom's grace]
 24839 | Swamp:1  | Gained mutation: Your spells are a little harder to cast,
                  | but a little more powerful. [Xom's grace]
 24859 | Swamp:1  | XOM: 6-stop teleportation journey
 25122 | Swamp:1  | XOM: divination: magic mapping
 25300 | Snake:1  | Entered Level 1 of the Snake Pit
 25322 | Snake:1  | Reached XP level 17. HP: 121/135 MP: 0/0
 25322 | Snake:1  | Learned a level 6 spell: Summon Cactus Giant
 25398 | Snake:1  | Identified the serpent talisman "Eceid" {rF+ rCorr}
 25398 | Snake:1  | Noticed Aizul
 25404 | Snake:1  | XOM: divine lightning
 25412 | Snake:1  | Killed Aizul
 25417 | Snake:1  | XOM: divination: detect creatures
 25516 | Snake:1  | XOM: scenery: 2 doors open
 25583 | Snake:1  | XOM: snakes to sticks
 26084 | Snake:1  | XOM: give mutations
 26084 | Snake:1  | Gained mutation: A frigid envelope surrounds you and
                  | freezes all who hurt you. [Xom's grace]
 26084 | Snake:1  | Gained mutation: You passively dampen the noise of your
                  | surroundings. [Xom's grace]
 26309 | Snake:1  | Noticed Roxanne
 26346 | Snake:1  | Killed Roxanne
 26404 | Snake:1  | Identified the +5 rapier of Havoc {flame, rElec Int+5 SInv}
 26663 | Snake:1  | Noticed Nikola
 26667 | Snake:1  | XOM: summons friendly ufetubus
 26861 | Snake:1  | XOM: cast spell 'Call Canine Familiar'
 26885 | Snake:1  | XOM: swap monsters
 26890 | Snake:1  | Killed Nikola
 26936 | Snake:1  | XOM: cloud trail
 27021 | Snake:2  | XOM: noise
 27390 | Snake:2  | XOM: snakes to sticks
 27712 | Snake:2  | XOM: summons friendly ufetubus
 27718 | Snake:2  | XOM: god gift: +1 hat of see invisible
 27847 | Snake:2  | XOM: cloud trail
 27863 | Snake:2  | XOM: summons 7 friendly demons
 28072 | Snake:2  | Reached skill level 13 in Dodging
 28513 | Snake:3  | XOM: fake destruction
 28544 | Snake:3  | XOM: give mutation
 28544 | Snake:3  | Gained mutation: You are covered in fur. (AC +1) [Xom's
                  | grace]
 28656 | Snake:3  | Noticed Saint Roka
 28661 | Snake:3  | Noticed Jorgrun
 28661 | Snake:3  | XOM: 9-stop teleportation journey
 28666 | Snake:3  | Noticed Vashnia
 28814 | Snake:2  | XOM: noise
 28945 | Snake:2  | XOM: stat loss: -1 Str (12/13)
 28947 | Snake:3  | XOM: cast spell 'Discord'
 28963 | Snake:2  | Killed Jorgrun
 29243 | Snake:3  | Killed Vashnia
 29523 | Snake:3  | XOM: give mutations
 29523 | Snake:3  | Lost mutation: Your spells are a little harder to cast, but
                  | a little more powerful. [Xom's mischief]
 29523 | Snake:3  | Lost mutation: You are somewhat resistant to further
                  | mutation. [Xom's mischief]
 29528 | Snake:3  | XOM: blink monster(s)
 29551 | Snake:3  | XOM: smoke on damage
 29560 | Snake:3  | XOM: fake destruction
 29752 | Snake:3  | XOM: silly message
 29769 | Snake:3  | Killed Saint Roka
 29770 | Snake:3  | Reached XP level 18. HP: 90/143 MP: 0/0
 29784 | Snake:3  | XOM: noise
 29939 | Snake:3  | XOM: give mutation
 29939 | Snake:3  | Lost mutation: You are covered in fur. (AC +1) [Xom's
                  | mischief]
 30146 | Snake:4  | Entered Level 4 of the Snake Pit
 30172 | Snake:4  | XOM: potion effect (haste)
 30182 | Snake:4  | XOM: potion effect (haste)
 30223 | Snake:4  | XOM: divination: magic mapping
 30443 | Snake:4  | XOM: noise
 31139 | Snake:4  | XOM: potion effect (invisibility)
 31147 | Snake:4  | XOM: potion effect (brilliance)
 31550 | Snake:4  | XOM: cast spell 'Cause Fear'
 31624 | Snake:4  | XOM: swap monsters
 31635 | Snake:4  | XOM: divination: detect items
 31850 | Snake:4  | XOM: summons friendly crimson imp
 31861 | Snake:4  | XOM: confuse monster(s)
 32055 | Snake:4  | XOM: noise
 32144 | Snake:4  | XOM: confuse monster(s)
 32158 | Snake:4  | XOM: enchant monster (bad)
 32278 | Snake:4  | XOM: divination: detect creatures
 32377 | Snake:4  | Got a serpentine rune of Zot
 32624 | Snake:4  | XOM: cast spell 'Leda's Liquefaction'
 32862 | D:15     | Entered Level 15 of the Dungeon
 32993 | D:15     | Found a staircase to the Depths.
 33099 | D:15     | Reached skill level 14 in Dodging
 33115 | D:15     | XOM: confuse monster(s)
 33124 | D:15     | XOM: blink monster(s)
 33134 | D:15     | Noticed Agnes
 33142 | D:15     | Killed Agnes
 33143 | D:15     | Reached XP level 19. HP: 107/151 MP: 0/0
 33143 | D:15     | Learned a level 6 spell: Simulacrum
 33358 | D:15     | XOM: potion effect (brilliance)
 33372 | D:15     | XOM: silly message
 33592 | D:15     | XOM: god gift: robe {god gift}
 33741 | D:15     | Noticed Kirke
 33758 | D:15     | XOM: confuse monster(s)
 33777 | D:15     | Killed Kirke
 33998 | Vaults:1 | Entered Level 1 of the Vaults
 34002 | D:13     | XOM: fake destruction
 34020 | Vaults:1 | XOM: enchant monster (good)
 34027 | D:13     | XOM: blink monster(s)
 34240 | Vaults:1 | XOM: cloud trail
 34608 | Vaults:1 | XOM: 3-stop teleportation journey
 34760 | Vaults:1 | Noticed Asterion
 34760 | Vaults:1 | XOM: 5-stop teleportation journey
 34888 | Vaults:1 | XOM: polymorph vault sentinel -> yaktaur
 34889 | Vaults:1 | XOM: divine lightning
 34984 | Vaults:1 | XOM: polymorph ironbound preserver -> catoblepas
 35490 | Vaults:1 | XOM: divine lightning
 35495 | Vaults:1 | XOM: 3-stop teleportation journey
 35540 | Vaults:1 | XOM: confuse monster(s)
 35546 | Vaults:1 | XOM: scenery: create altars
 35639 | Vaults:1 | XOM: silly message
 35821 | Vaults:1 | XOM: silly message
 35965 | Vaults:1 | Killed Asterion
 36170 | Vaults:2 | XOM: cast spell 'Olgreb's Toxic Radiance'
 36173 | Vaults:2 | XOM: fog
 36298 | Vaults:2 | XOM: summons friendly white imp
 36300 | Vaults:2 | XOM: smoke on damage
 36312 | Vaults:2 | XOM: cast spell 'Summon Ice Beast'
 36556 | Vaults:1 | XOM: cloud trail
 36811 | D:12     | XOM: silly message
 36882 | Orc:2    | XOM: cloud trail
 36902 | Crypt:1  | Identified the "Amesyba"
 36902 | Elf:1    | Identified the "Iddesifa"
 36902 | Elf:1    | Identified the "Luckuhuq"
 36902 | Elf:1    | Entered Level 1 of the Elven Halls
 36914 | Elf:1    | XOM: potion effect (heal wounds)
 36922 | Elf:1    | Reached XP level 20. HP: 131/160 MP: 0/0
 36960 | Elf:1    | XOM: divination: detect items
 37037 | Elf:1    | XOM: noise
 37269 | Elf:1    | XOM: potion effect (invisibility)
 37735 | Elf:1    | XOM: summons friendly ufetubus
 37771 | Elf:1    | XOM: summons friendly crimson imp
 37773 | Elf:1    | XOM: scenery: summon butterflies
 37843 | Elf:1    | XOM: give mutations
 37843 | Elf:1    | Gained mutation: You are covered in fur. (AC +1) [Xom's
                  | grace]
 37843 | Elf:1    | Gained mutation: Your flesh is almost immune to the effects
                  | of heat. (rF+++) [Xom's grace]
 37843 | Elf:1    | Gained mutation: You have a somewhat thin skeletal
                  | structure. (Dex +2, Stealth+) [Xom's grace]
 38021 | Elf:2    | Identified the of Hunn
 38021 | Elf:2    | Identified the "Zaest"
 38024 | Elf:2    | Reached skill level 15 in Dodging
 38108 | Elf:2    | XOM: confuse monster(s)
 38170 | Elf:2    | XOM: god gift: short sword {god gift}
 38180 | Elf:2    | XOM: 2-stop teleportation journey
 38184 | Abyss:3  | Found a corrupted altar of Lugonu.
 38184 | Abyss:3  | Cast into level 3 of the Abyss (+5 trident of distortion)
 38245 | Abyss:3  | XOM: enchant monster (bad)
 38246 | Abyss:3  | XOM: silly message
 38281 | Abyss:3  | XOM: divine lightning
 38288 | Abyss:3  | XOM: summons friendly white imp
 38331 | Abyss:3  | XOM: divination: magic mapping
 38393 | Abyss:3  | Gained mutation: You occasionally lose the ability to read
                  | scrolls when taking damage. [a neqoxec]
 38399 | Abyss:3  | XOM: fog
 38415 | Abyss:3  | Found a corrupted altar of Lugonu.
 38448 | Elf:2    | Escaped the Abyss
 38448 | Elf:2    | HP: 5/154 [+3 heavy mace (13)]
 38448 | Elf:2    | Mangled by a +0 long sword of protection

Illustrated notes

Levels and vault maps discovered:
D:1:      shiori_arrival_elements, layout_basic, serial_shops, shop,
          minmay_unequal
D:2:      layout_basic, basic_ecumenical_altar, basic_altar
D:3:      layout_basic, uniq_jessica
D:4:      layout_rooms, lemuel_tele_altar, biasface_ghost_orc_armoury,
          enter_ossuary_1, hangedman_abyss_or_decor_jellyfish_corner,
          hangedman_decor_opposing, grunt_decor_junction,
          uniq_crazy_yiuf_cottage
D:5:      layout_basic, led_xom_imps, kennysheep_mini, grunt_ministairs_13
D:6:      layout_rooms, grunt_temple_overflow_diamond, serial_shops,
          nicolae_shop_crystal
D:7:      layout_cave_pools, nzn_overflow_gifts_of_might_and_magic,
          minmay_temple_entry_crystal_x, uniq_menkaure
D:8:      layout_loops_corners, general_overflow_altar, minmay_splitting_lines,
          grunt_decor_one_mirror, bh_walls_and_bars
D:9:      layout_cave_pools, mainiacjoe_overflow_boulevard, tgw_kikubaaqudgha,
          serial_park, serial_park_square1 [serial_park_minivault_5x5_4],
          serial_park_tiny_2, serial_park_tiny_2, kennysheep_small_spiral,
          hangedman_decor_growths
D:10:     layout_gridville, serial_shops, shop, nicolae_fountain_basement
D:11:     gammafunk_beogh_shrine, layout_loops_ring, erik_lair_island,
          serial_shops, bzr_entry_gold
D:12:     layout_rooms, serial_shops, nicolae_shop_stone, serial_aquarium,
          aquarium_bridge_square [aquarium_subvault_bridge,
          aquarium_subvault_wall, aquarium_subvault_wall,
          aquarium_subvault_bridge], aquarium_bridge_island_small
          [aquarium_subvault_small_open, aquarium_subvault_wall,
          aquarium_subvault_wall, aquarium_subvault_wall,
          aquarium_subvault_bridge], aquarium_window_1, aquarium_window_corner,
          aquarium_view_2d, aquarium_balcony_5b, aquarium_pool_split,
          nicolae_shop_unique_rings, hangedman_glass_teeth,
          amcnicky_mini_pool_small
D:13:     layout_roguey, david_vaults_1, reono_crystal_passage,
          okawaru_ov_weapons_minmay
D:14:     layout_stronghold, serial_ice, serial_ice_c, serial_ice_n,
          serial_ice_h, serial_ice_l, serial_ice_m, serial_ice_b,
          nicolae_qazlal_scattered_showers
D:15:     hangedman_depths_entry_civil_slaughter, layout_small_grid,
          nicolae_triple_integral, uniq_kirke, uniq_agnes
Lair:1:   layout_big_grid, ebering_ghost_funeral_grove
Lair:2:   layout_gridlike, palyth_hydra_swamp_entry,
          minmay_snake_entry_guardpost_small, columned_hall_lemuel,
          hellmonk_guarded_unrand_zhor, lemuel_fruit_tree
Lair:3:   layout_chaotic_city
Lair:4:   layout_long_grid, slime_entry_1, minmay_shattered_shrine, uniq_urug
Lair:5:   wormcave, layout_regular_city, hangedman_lair_in_review, st_stairs_8,
          chequers_serial_rivers_micro_d, chequers_serial_rivers_micro_a,
          nicolae_lair_run_with_the_wolves, infiniplex_staircase_pool_2,
          uniq_snorg
Swamp:1:  layout_falls_marsh, evilmike_swamp_ruin_rubble_2, swamp_pool1
Snake:1:  layout_gridlike, grunt_megastairs_1, uniq_roxanne, uniq_nikola,
          uniq_aizul
Snake:2:  layout_grid_maze
Snake:3:  layout_cave_shapes, uniq_vashnia, uniq_saint_roka, uniq_jorgrun
Snake:4:  minmay_snake_end_coiled, layout_misc_corridors,
          nicolae_snake_gridmaze_tees
Orc:1:    layout_diamond_mine, uniq_erica, uniq_erolcha
Orc:2:    st_orc_mages, layout_caves
Elf:1:    layout_loops_corners, minmay_elf_sorcery
Elf:2:    nicolae_elf_blades_splatter_lattice [infiniplex_blade_entry_pillars],
          layout_gridlike, portal_ice_cave_entry_dragon,
          lemuel_flamethrower_hall
Vaults:1: vaults_dpeg_cross, hangedman_vaults_cutoff, hangedman_vaults_capsules,
          grunt_vaults_diagonal, vaults_mumra_minichess, nicolae_vaults_heist,
          ontoclasm_vaults_misaligned, layout_vaults_omnigrid, uniq_asterion
Vaults:2: v_misc_11, vaults_room_boxed, nicolae_vaults_little_squares_1,
          v_rooms_1, nicolae_vaults_storage_closets_1,
          nicolae_vaults_layer_cake_slice, ontoclasm_vaults_fault,
          st_smaller_cells, v_misc_25, layout_vaults_maze_snakey, serial_shops,
          shop

Skill      XL: |  1  2  3  4  5  6  7  8  9 10 11 12 13 14 15 16 17 18 19 20 |
---------------+-------------------------------------------------------------+-----
Long Blades    | 3 4 5 6 7 8 9 10 11 12 13 | 13.4
Spellcasting   | 1 2 3 4 5 6 7 8 9 10 11 12 13 | 13.7
Conjurations   | 1 2 3 4 5 6 7 8 9 10 11 12 13 | 13.7
Hexes          | 1 2 3 4 5 6 7 8 9 10 11 12 13 | 13.7
Summonings     | 1 2 3 4 5 6 7 8 9 10 11 12 13 | 13.7
Necromancy     | 1 2 3 4 5 6 7 8 9 10 11 12 13 | 13.7
Translocations | 1 2 3 4 5 6 7 8 9 10 11 12 13 | 13.7
Transmutations | 1 2 3 4 5 6 7 8 9 10 11 12 13 | 13.7
Fire Magic     | 1 2 3 4 5 6 7 8 9 10 11 12 13 | 13.7
Ice Magic      | 1 2 3 4 5 6 7 8 9 10 11 12 13 | 13.7
Air Magic      | 1 2 3 4 5 6 7 8 9 10 11 12 13 | 13.7
Earth Magic    | 1 2 3 4 5 6 7 8 9 10 11 12 13 | 13.7
Poison Magic   | 1 2 3 4 5 6 7 8 9 10 11 12 13 | 13.7
Armour         | 2 3 4 5 6 7 8 9 10 11 12 13 | 13.9
Dodging        | 3 4 5 6 7 8 9 10 11 12 13 14 15 | 15.2
Evocations     | 1 2 3 4 5 6 |  6.3
Fighting       | 4 5 6 7 8 9 10 11 12 13 14 | 14.1
Shields        | 2 3 4 6 7 8 9 10 11 12 13 | 13.2

Action                     |  1- 3 |  4- 6 |  7- 9 | 10-12 | 13-15 | 16-18 | 19-21 || total
---------------------------+-------+-------+-------+-------+-------+-------+-------++-------
  Melee: Falchion          |    85 |   197 |   296 |   123 |       |       |       ||   701
         Punch             |     2 |     2 |     3 |       |       |       |       ||     7
         Double sword      |       |       |       |   371 |   878 |   971 |   509 ||  2729
         Headbutt          |       |       |       |       |    24 |       |       ||    24
         Bite              |       |       |       |       |       |    36 |       ||    36
         Peck              |       |       |       |       |       |   226 |   164 ||   390
   Cast: Call Canine Famil |       |       |       |     5 |     5 |     7 |       ||    17
         Arcjolt           |       |       |       |       |    21 |    22 |     8 ||    51
         Alistair's Intoxi |       |       |       |       |     1 |     1 |     2 ||     4
         Dispersal         |       |       |       |       |     1 |       |       ||     1
         Summon Cactus Gia |       |       |       |       |       |    16 |     7 ||    23
         Simulacrum        |       |       |       |       |       |       |     2 ||     2
         Wereblood         |       |       |       |       |       |       |     1 ||     1
  Evoke: Wand              |       |       |       |    10 |    44 |    12 |       ||    66
         Phial of floods   |       |       |       |       |       |     1 |       ||     1
    Use: Scroll            |       |       |     5 |    12 |    11 |    12 |     3 ||    43
         Potion            |       |       |       |       |       |     4 |     5 ||     9
   Stab: Sleeping          |     9 |     8 |     9 |     4 |    13 |     8 |     9 ||    60
         Paralysed         |       |     3 |       |       |     6 |       |       ||     9
         Petrifying        |       |     1 |       |       |       |       |       ||     1
         Distracted        |       |       |     2 |     2 |     1 |     6 |     4 ||    15
         Confused          |       |       |     1 |     8 |       |     8 |     8 ||    25
         Invisible         |       |       |       |       |     1 |     3 |     6 ||    10
 Armour: Leather armour    |    49 |    79 |    84 |     9 |       |       |       ||   221
         Steam dragon scal |       |       |       |   156 |       |       |       ||   156
         Troll leather arm |       |       |       |    53 |    57 |       |       ||   110
         Skin              |       |       |       |     2 |       |       |       ||     2
         Animal skin       |       |       |       |       |   290 |   294 |   159 ||   743
  Dodge: Dodged            |    56 |   218 |   220 |   440 |   727 |   680 |   331 ||  2672
  Block: Other             |       |    47 |    41 |       |       |       |       ||    88
         Reflection        |       |       |     4 |    11 |     8 |    92 |    51 ||   166
         Buckler           |       |       |    28 |   334 |   641 |   632 |   202 ||  1837
         Kite shield       |       |       |       |       |       |       |   156 ||   156

Table legend: (Time is in decaauts)
 A = Elapsed time spent in this place.
 B = Non-inter-level travel time spent in this place.
 C = Inter-level travel time spent in this place.
 D = Time resting spent in this place.
 E = Time spent auto-exploring this place.
 F = Levels seen in this place.
 G = Mean time per level.
                   A        B        C        D        E       F      G
               +--------+--------+--------+--------+--------+-----+--------+
         Total |  38569 |  36427 |   2142 |   6132 |  22314 |  34 | 1134.4 |
       Dungeon |  16208 |  15202 |   1006 |   2170 |  10187 |  15 | 1080.5 |
          Lair |   7495 |   6800 |    695 |    818 |   4279 |   5 | 1499.0 |
         Swamp |   1277 |   1239 |     38 |    364 |    673 |   1 | 1277.0 |
     Snake Pit |   7353 |   7165 |    188 |   1829 |   3957 |   4 | 1838.2 |
  Orcish Mines |   1657 |   1579 |     78 |    396 |    646 |   2 |  828.5 |
   Elven Halls |   1274 |   1236 |     38 |      0 |    885 |   2 |  637.0 |
        Vaults |   2623 |   2527 |     96 |    554 |   1460 |   2 | 1311.5 |
         Abyss |    259 |    259 |      0 |      0 |      0 |   1 |  259.0 |
        Bazaar |     94 |     94 |      0 |      0 |     87 |   1 |   94.0 |
       Ossuary |    326 |    326 |      0 |      0 |    140 |   1 |  326.0 |
               +--------+--------+--------+--------+--------+-----+--------+

Top non-repeatable levels by time:
 Snake:4: 2473 daAuts
Vaults:1: 2222 daAuts
  Lair:5: 2098 daAuts
 Snake:2: 2064 daAuts
    D:13: 1719 daAuts
  Lair:4: 1705 daAuts
 Snake:1: 1685 daAuts
    D:11: 1571 daAuts
    D:14: 1505 daAuts
     D:1: 1356 daAuts
  Lair:1: 1355 daAuts
 Swamp:1: 1277 daAuts
     D:8: 1234 daAuts
  Lair:3: 1194 daAuts
  Lair:2: 1141 daAuts
